Unix NetHack Version 5.0.0-0 post-release - last build Jun 10 2026 00:39:30 (3ee93aec679c4c4259841fe613dc97188e26a321,branch:main).

Game began 2026-06-15 13:16:54, ended 2026-06-15 14:09:47.

GdeVolpiano, lawful female human Archeologist

            --------
            |....<.|
            |......|
            |......-#######@a#
            |......|   #####d#
            --------

GdeVolpiano the Investigator  St:17 Dx:12 Co:11 In:17 Wi:15 Ch:10  Lawful
Dlvl:7  $:0  HP:0(52) Pw:30(30) AC:0  Xp:7 T:6571 

Latest messages:
 Indy misses the owlbear.
 The owlbear misses!
 The owlbear misses!
 The soldier ant misses!
 The soldier ant just misses!
 You hit the owlbear.
 Indy misses the owlbear.
 The soldier ant bites!
 The soldier ant misses!
 The owlbear hits!
 The owlbear hits again!
 Indy bites it.
 It misses Indy.
 It misses Indy.
 The soldier ant bites!
 The soldier ant stings!
 You die...
 But wait...
 Your medallion begins to glow!
 You feel much better!
 The medallion crumbles to dust!
 You survived that attempt on your life.
 You miss the soldier ant.
 Indy bites the soldier ant.
 The soldier ant misses Indy.
 The soldier ant stings Indy.
 The soldier ant's sting was poisoned!
 The soldier ant bites!
 The soldier ant stings!
 Indy misses the soldier ant.
 The soldier ant misses!
 The soldier ant stings!
 You hit the soldier ant!
 Indy bites the soldier ant.
 The soldier ant misses Indy.
 The soldier ant stings Indy.
 The soldier ant bites!
 The soldier ant stings!
 The soldier ant bites!
 The soldier ant stings!
 #
 Are you sure you want to pray? [yn] (n)
 You begin praying to Quetzalcoatl.
 Indy bites the soldier ant.
 The soldier ant misses Indy.
 The soldier ant misses Indy.
 The soldier ant bites!
 You die...
 Do you want your possessions identified? [ynq] (y)
 Do you want to see your attributes? [ynq] (y)

Inventory:
 Weapons  (')')
  U - a blessed +1 scimitar (weapon in right hand)
 Armor    ('[')
  Q - an uncursed +0 dwarvish iron helm (being worn)
  S - an uncursed +0 dwarvish roundshield (being worn)
  L - an uncursed +0 dwarvish cloak (being worn)
  M - an uncursed +0 mummy wrapping
  P - an uncursed +0 dwarvish mithril-coat (being worn)
 Scrolls  ('?')
  W - an uncursed scroll of magic mapping
 Tools    ('(')
  D - an uncursed bag of holding containing 3 items
  h - an empty uncursed sack
  q - an uncursed blindfold
  X - a cursed magic lamp
  e - a +0 pick-axe (alternate weapon; not wielded)
  k - an uncursed skeleton key
  R - a +0 unicorn horn
  V - a +0 unicorn horn
 Gems/Stones  ('*')
  g - an uncursed touchstone

Contents of the bag of holding:
  5460 gold pieces
  an uncursed aquamarine stone
  an uncursed opal

GdeVolpiano the Archeologist's attributes:

Background:
 You were an Investigator, a level 7 female human Archeologist.
 You were lawful, on a mission for Quetzalcoatl
 who was opposed by Camaxtli (neutral) and Huhetotl (chaotic).
 You were right-handed.
 You were in the Dungeons of Doom, on level 7.
 You entered the dungeon 6571 turns ago.
 There was a new moon in effect when your adventure ended.
 You had 1189 experience points, 91 more were needed to attain level 8.

Basics:
 You had 0 out of 52 hit points.
 You had all 30 energy points (spell power).
 Your armor class was 0.
 Your wallet was empty, but
 you had 5460 zorkmids stashed away in your pack.
 Autopickup was off.

Final Characteristics:
 Your strength was 17 (limit:18/100).
 Your dexterity was 12 (limit:18).
 Your constitution was 11 (peak:12, limit:18).
 Your intelligence was 17 (limit:18).
 Your wisdom was 15 (limit:18).
 Your charisma was 10 (limit:18).

Final Status:
 You weren't hungry.
 You were unencumbered.
 You were wielding a saber.
 You were skilled in saber.

Final Attributes:
 You were piously aligned.
 Your items were somewhat protected from fire.
 Your items were somewhat protected from cold.
 You were telepathic.
 You had automatic searching.
 You were stealthy.
 You were guarded.
 Your spell casting was impaired by metallic armor.
 You are dead (2nd time!).

Miscellaneous:
 You didn't encounter any bones levels.
 Total elapsed playing time was 52 minutes and 52 seconds.

Major events:
 Turn
    1: GdeVolpiano the lawful female human Archeologist entered the dungeon
  930: attained the rank of Field Worker (level 3)
 1358: entered the Gnomish Mines
 3185: reached Mine Town
 3205: attained the rank of Investigator (level 6)
 6568: averted death (killed by a soldier ant)
 6571: killed by a soldier ant, while praying

Spells:
 Name                 Level Category     Fail Retention
 knock                  1   matter       100%   51%-75%
 detect unseen          3   divination   100%  76%-100%
 haste self             3   escape       100%  76%-100%
 magic mapping          5   divination   100%  76%-100%

Skills:
 Fighting Skills
   bare handed combat [Unskilled]
   two weapon combat  [Unskilled]
   riding             [Unskilled]
 Weapon Skills
   dagger             [Unskilled]
   knife              [Unskilled]
   pick-axe           [Skilled]
   short sword        [Unskilled]
   saber              [Skilled]
   club               [Unskilled]
   quarterstaff       [Unskilled]
   sling              [Unskilled]
   dart               [Unskilled]
   boomerang          [Unskilled]
   whip               [Basic]
   unicorn horn       [Unskilled]
 Spellcasting Skills
   attack spells      [Unskilled]
   healing spells     [Unskilled]
   divination spells  [Unskilled]
   matter spells      [Unskilled]

Voluntary challenges:
 Character rerolling was not enabled.
 You never genocided any monsters.
 You never polymorphed an object.
 You never changed form.
 You used no wishes.
Achievements:
 You entered a shop.
 You attained the rank of Field Worker.
 You entered the Gnomish Mines.
 You entered Minetown.
 You attained the rank of Investigator.
 You entered a temple.

 The Dungeons of Doom: levels 1 to 7
    Level 1:
    Level 2:
       A general store.
    Level 3:
       A general store.
       Stairs down to The Gnomish Mines.
    Level 4:
       A sink.
    Level 5:
       A general store.
    Level 6:
       A fountain.
    Level 7: <- You were here.
       Final resting place for
          you, killed by a soldier ant, while praying.
 The Gnomish Mines: levels 4 to 6
    Level 4:
    Level 5:
    Level 6:
       Many shops, a temple and an altar, some fountains, some trees.


Vanquished creatures:
  a small mimic
  a quivering blob
  9 leprechauns
 an iron piercer
  a lizard
  a dingo
  2 dogs
  2 gray unicorns
  a dust vortex
  a raven
  a plains centaur
  a snake
  4 apes
  a water nymph
 an orc shaman
  a rock piercer
  2 yellow lights
  3 shriekers
  a violet fungus
  9 gnome leaders
  a kobold mummy
  a gray ooze
  a straw golem
  a giant ant
  2 little dogs
  4 floating eyes
  a kitten
  8 dwarves
  2 homunculi
  a kobold shaman
  3 hill orcs
  4 rothes
  a giant bat
 an orc zombie
  a werejackal
  2 iguanas
 an acid blob
  3 coyotes
  a gas spore
  3 hobbits
  a large kobold
  5 giant rats
  7 cave spiders
  a brown mold
  2 yellow molds
  2 red molds
 26 gnomes
  7 garter snakes
  2 geckos
  7 jackals
  a fox
  3 kobolds
  4 goblins
  4 sewer rats
 11 grid bugs
  2 bats
  4 lichens
  3 kobold zombies
  7 newts
185 creatures vanquished.

No species were genocided or became extinct.

Game over:
                       ----------
                      /          \
                     /    REST    \
                    /      IN      \
                   /     PEACE      \
                  /                  \
                  |   GdeVolpiano    |
                  |     5460 Au      |
                  |   killed by a    |
                  |   soldier ant    |
                  |                  |
                  |                  |
                  |       2026       |
                 *|     *  *  *      | *
        _________)/\\_//(\/(/\)/\//\/|_)_______

Goodbye GdeVolpiano the Archeologist...

You died in The Dungeons of Doom on dungeon level 7 with 9990 points,
and 5460 pieces of gold, after 6571 moves.
You were level 7 with a maximum of 52 hit points when you died.

